 Dungeon Crawl Stone Soup version 0.30-a0-1114-gd936c97349 (webtiles) character file.

Game seed: 7134511467019941488

116170 mandoloar the Blocker (level 16, 0/130 HPs)
             Began as a Gnoll Fighter on Apr 20, 2023.
             Was a High Priest of Cheibriados.
             Slain by a death knight simulacrum (8 damage)
             ... on level 15 of the Dungeon on Apr 21, 2023.
             The game lasted 01:24:29 (32380 turns).

mandoloar the Blocker (Gnoll Fighter)              Turns: 32380, Time: 01:24:29

Health: 0/130      AC: 23    Str: 33    XL:     16   Next: 70%
Magic:  17/31      EV: 25    Int: 19    God:    Cheibriados [*****.]
Gold:   1489       SH:  9    Dex: 24    Spells: 25/38 levels left

rFire   . . .      SeeInvis .    a - +2 broad axe (elec)
rCold   + . .      Faith    .    p - +0 buckler
rNeg    . . .      Spirit   .    V - +7 Kryia's mail coat {PotionHeal*2 rC+}
rPois   .          Reflect  .    k - +2 hat {Will+}
rElec   .          Rampage  .    M - scarf {harm}
rCorr   .          Harm     + .  L - +0 pair of gloves
Will    ++...                    X - +2 pair of boots {Stlth+}
Stlth   +++++                    (no amulet)
HPRegen 0.41/turn                R - +4 ring of slaying
MPRegen 0.22/turn                C - +5 ring of evasion

@: mighty, studying Ice Magic, very slow
A: fangs 1, strong nose, distributed training
a: Renounce Religion, Bend Time, Temporal Distortion, Slouch, Step From Time


You were on level 15 of the Dungeon.
You worshipped Cheibriados.
Cheibriados was extremely pleased with you.
You visited 3 branches of the dungeon, and saw 21 of its levels.
You also visited: Ossuary and Ice Cave.

You collected 1788 gold pieces.
You spent 299 gold pieces at shops.

Inventory:

Hand Weapons
 a - a +2 broad axe of electrocution (weapon)
 b - a +0 eveningstar of draining
 c - a +0 broad axe
Missiles
 B - 13 boomerangs
 J - 2 silver javelins
 P - a javelin (quivered)
 U - 5 throwing nets
Armour
 k - a +2 hat of willpower (worn)
 p - a +0 buckler (worn)
 L - a +0 pair of gloves (worn)
 M - a scarf of harm (worn)
 V - the +7 Kryia's mail coat (worn) {PotionHeal*2 rC+}
   (You took it off an orc on level 9 of the Dungeon)

   PotionHeal*2: Potions heal its wearer twice as much.
   rC:        It protects you from cold.
 X - a +2 pair of boots of stealth (worn)
Jewellery
 u - a ring of see invisible
 C - a +5 ring of evasion (right hand)
 R - a +4 ring of slaying (left hand)
 W - a ring of ice
Wands
 m - a wand of light (2)
 x - a wand of charming (28)
 F - a wand of mindburst (48)
 K - a wand of polymorph (13)
 N - a wand of digging (8)
 Q - a wand of iceblast (4)
 S - a wand of flame (50)
Scrolls
 h - 13 scrolls of teleportation
 j - 8 scrolls of identify
 o - 3 scrolls of fear
 r - 4 scrolls of immolation
 t - 3 scrolls of fog
 v - 2 scrolls of butterflies
 w - 8 scrolls of enchant weapon
 y - 5 scrolls of magic mapping
 H - 3 scrolls of poison
 T - a scroll of blinking
 Y - 3 scrolls of vulnerability
Potions
 d - 4 potions of might
 e - 3 potions of cancellation
 f - 6 potions of attraction
 i - a potion of heal wounds
 l - 10 potions of curing
 s - 2 potions of haste
 z - 2 potions of lignification
 A - 4 potions of invisibility
 D - 3 potions of brilliance
 E - a potion of flight
 I - 3 potions of mutation
 O - 4 potions of berserk rage
 Z - a potion of ambrosia


   Skills:
 + Level 13.1 Fighting
 + Level 11.5 Short Blades
 + Level 11.5 Long Blades
 + Level 12.3 Axes
 + Level 11.5 Maces & Flails
 + Level 11.5 Polearms
 + Level 11.5 Staves
 + Level 11.5 Ranged Weapons
 + Level 11.5 Throwing
 + Level 13.1 Armour
 + Level 11.5 Dodging
 + Level 11.5 Stealth
 + Level 13.1 Shields
 + Level 11.5 Unarmed Combat
 + Level 11.5 Spellcasting
 + Level 9.7 Conjurations
 + Level 9.7 Hexes
 + Level 9.7 Summonings
 + Level 9.7 Necromancy
 + Level 9.7 Translocations
 + Level 9.7 Transmutations
 + Level 9.7 Fire Magic
 + Level 10.3 Ice Magic
 + Level 9.7 Air Magic
 + Level 9.7 Earth Magic
 + Level 9.7 Poison Magic
 + Level 12.4 Invocations
 + Level 11.5 Evocations


You had 25 spell levels left.
You knew the following spells:

 Your Spells              Type           Power      Damage    Failure   Level
a - Mephitic Cloud        Conj/Pois/Air  47%        N/A       1%          3
b - Freezing Cloud        Conj/Ice/Air   24%        6-21      6%          5
c - Borgnjor's Vile Clut  Necr/Erth      23%        N/A       6%          5

Your spell library contained the following spells:

 Spells                   Type           Power      Damage    Failure   Level
 Magic Dart               Conj           100%       1d8       1%          1
 Necrotise                Necr           100%       1d9       1%          1
 Call Imp                 Summ           94%        N/A       1%          2
 Cigotuvi's Dreadful Rot  Necr/Pois/Air  94%        N/A       1%          2
 Ensorcelled Hibernation  Hex/Ice        98%        N/A       1%          2
 Lesser Beckoning         Tloc           94%        N/A       1%          2
 Dazzling Flash           Conj/Hex       94%        N/A       1%          3
 Gell's Gravitas          Tloc           47%        N/A       1%          3
 Hailstorm                Conj/Ice       49%        3d11      1%          3
 Ignite Poison            Fire/Tmut/Pois 47%        N/A       1%          3
 Spider Form              Tmut/Pois      47%        N/A       1%          3
 Teleport Other           Tloc           47%        N/A       1%          3
 Vampiric Draining        Necr           47%        2d9       1%          3
 Vhi's Electric Charge    Tloc/Air       94%        N/A       1%          3
 Ice Form                 Ice/Tmut       49%        N/A       1%          4
 Anguish                  Hex/Necr       23%        N/A       2%          4
 Petrify                  Tmut/Erth      47%        N/A       2%          4
 Metabolic Englaciation   Hex/Ice        24%        N/A       5%          5
 Agony                    Necr           47%        N/A       6%          5
 Alistair's Intoxication  Tmut/Pois      31%        N/A       6%          5
 Arcjolt                  Conj/Air       23%        1d33      6%          5
 Iskenderun's Battlesphe  Conj           47%        2d10      6%          5
 Silence                  Hex/Air        23%        N/A       6%          5
 Simulacrum               Ice/Necr       24%        N/A       30%         6
 Dispersal                Tloc           23%        N/A       34%         6
 Eringya's Noxious Bog    Tmut/Pois      23%        N/A       34%         6
 Iron Shot                Conj/Erth      23%        9d5       34%         6
 Statue Form              Tmut/Erth      31%        N/A       34%         6
 Ozocubu's Refrigeration  Ice            25%        4d13      82%         7
 Spellforged Servitor     Conj/Summ      23%        N/A       88%         7
 Maxwell's Capacitive Co  Air            23%        ∞         100%        8
 Polar Vortex             Ice            25%        N/A       100%        9


Dungeon Overview and Level Annotations

Branches:
Dungeon (15/15)            Temple (1/1) D:6            Lair (5/5) D:10
  Swamp (0/4) Lair:2        Snake (0/4) Lair:2        Slime (0/5) Lair:5
    Orc (0/2) D:9          Vaults (0/5) D:13         Depths (0/4) D:15
Ossuary (visited)           IceCv (visited)

Altars:
Ashenzari
Cheibriados
Dithmenos
Elyvilon
Fedhas
Gozag
Hepliaklqana
Kikubaaqudgha
Makhleb
Nemelex Xobeh
Okawaru
Qazlal
Ru
Sif Muna
Trog
Uskayaw
Vehumet
Wu Jian
Xom
Yredelemnul
Zin
The Shining One
Jiyva

Shops:
D:3 (   D:14 **:

Annotations:
D:15 1 transporter


Innate Abilities, Weirdness & Mutations

You have very sharp teeth.
Your uncanny sense of smell can sniff out nearby items.
Your experience applies equally to all skills.


Message History

You block the death knight simulacrum's attack.
The +7 Kryia's mail coat enhances the healing.
You feel much better.
The shadow dragon simulacrum completely misses you.
The shadow dragon simulacrum claws you!
* * * LOW HITPOINT WARNING * * *
The shadow dragon simulacrum freezes you!
You resist.
* * * LOW HITPOINT WARNING * * *
The shadow dragon simulacrum closely misses you.
The stone giant zombie misses you.
You block the death knight simulacrum's attack.
The death knight simulacrum hits you!
* * * LOW HITPOINT WARNING * * *
The death knight simulacrum freezes you!
You resist.
* * * LOW HITPOINT WARNING * * *
Okay, then.
The +7 Kryia's mail coat enhances the healing.
You feel better.
You block the shadow dragon simulacrum's attack.
The shadow dragon simulacrum closely misses you.
The shadow dragon simulacrum claws you.
* * * LOW HITPOINT WARNING * * *
The shadow dragon simulacrum freezes you!
You resist.
* * * LOW HITPOINT WARNING * * *
The stone giant zombie closely misses you.
The death knight simulacrum misses you. x2
Activating: Slouch (1% risk of failure)
Press: ? - help, Dir - look around, f - activate You can feel time thicken for a moment.
The death knight simulacrum vaporises!
Cheibriados lowers the support of your attributes as your movement quickens.
You block the shadow dragon simulacrum's attack.
The shadow dragon simulacrum closely misses you.
You block the shadow dragon simulacrum's attack.
The stone giant zombie closely misses you.
The death knight simulacrum hits you!
You die...

.......##........................
.......##.................###.###
.......##..#############..# #.###
.#....###..#©.[........#..###..##
..........[#...........#...§§P.~.
###........#..###.###..#...#§§~≈~
###........#..#8#.#8#..#...#.§~~~
...........#...○.......#.....~~~~
###.......©#..ZZ@Z.....#©.##.~~~~
..#........#...Z†......#..##.♣P~.
#.#........#$.#8#.#8#..#..#######
....#####..#..###.###..#..#
#.#.### #..#...........#..#
#.....# #..#...........#..#
......# #.[#############..#
#.....# #.............(...#
#.....# #.................#


You could see a shadow dragon simulacrum, a death knight simulacrum and 2 stone
giant zombies.

Vanquished Creatures
  Kirke (D:15)
  The ghost of Jeffwins the Destroyer, an adept HuWn of Vehumet (D:15)
  2 frost giants (IceCv)
  A white draconian (IceCv)
  A fire dragon (D:15)
  A vault guard (D:13)
  8 ice dragons
  Fannar (D:11)
  7 ironbound frosthearts (IceCv)
  An ogre mage (D:15)
  2 catoblepae
  5 hydras
  A spriggan skeleton (D:15)
  3 centaur warriors
  2 death knights (D:15)
  5 boulder beetles
  6 two-headed ogres
  15 death yaks
  A deep troll shaman (Lair:5)
  A soul eater (D:15)
  A skyshark (Lair:5)
  A fire crab (Lair:5)
  A shadow wraith (D:15)
  2 skeletal warriors (D:15)
  An orange crystal statue (IceCv)
  Pikel (D:8)
  A flayed ghost (D:15)
  2 lindwurms
  A deep elf pyromancer (D:13)
  4 necromancers
  A wolf spider (D:15)
  2 stone giant zombies (D:15)
  9 cyclopes
  A manticore (D:11)
  21 ugly things
  A frost giant zombie (D:15)
  Joseph (D:9)
  11 elephants
  A salamander (Lair:2)
  Maurice (D:9)
  An ice statue (Lair:5)
  5 black mambas
  2 torpor snails
  2 smoke demons (D:15)
  7 cane toads
  9 komodo dragons
  A freezing wraith (D:14)
  10 rime drakes
  An efreet (D:15)
  A tengu conjurer (D:15)
  2 ice devils (D:15)
  A yaktaur (D:13)
  A red devil (D:15)
  A troll (D:8)
  A hellwing (D:15)
  15 polar bears
  19 blink frogs
  12 dream sheep
  2 centaur simulacra
  10 slime creatures
  Sigmund (D:5)
  A wyvern (D:11)
  4 vampires
  4 shadows
  69 yaks
  2 water elementals (D:12)
  A wraith (D:8)
  3 basilisks
  A hog (shapeshifter) (D:15)
  21 humans (D:13)
  3 hogs (D:15)
  2 neqoxecs (D:15)
  4 wargs (D:9)
  19 vampire mosquitoes
  An acid dragon (D:9)
  17 water moccasins
  8 black bears
  8 ice beasts
  3 sky beasts (D:7)
  An orc warrior (D:12)
  17 wolves
  5 ogres
  5 boggarts (D:14)
  8 centaurs
  A lemure (D:8)
  3 kobold brigands
  13 bullfrogs
  A gnoll sergeant (D:11)
  5 scorpions
  6 wights
  6 killer bees
  4 howler monkeys
  3 electric eels (D:12)
  2 lava snakes (Lair:2)
  A jelly (D:5)
  6 orc priests
  3 hounds
  3 sleepcaps
  5 iguanas
  5 orc wizards
  Natasha (thrice) (D:4)
  14 mummies (Ossuary)
  10 gnolls
  6 adders
  2 shadow imps
  3 white imps
  An ufetubus (D:6)
  3 dart slugs
  15 orcs
  5 endoplasms
  A giant cockroach (D:3)
  A gnoll zombie (D:4)
  10 goblins
  9 hobgoblins
  4 quokkas
  5 ball pythons
  6 bats
  4 frilled lizards
  A gnoll skeleton (Ossuary)
  2 goblin skeletons (Ossuary)
  15 kobolds
  3 kobold skeletons (Ossuary)
  2 orc skeletons (Ossuary)
  7 rats
  11 rat skeletons (Ossuary)
650 creatures vanquished.

Vanquished Creatures (others)
  A shadow wraith (D:15)
  An acid dragon (D:12)
  A bush (Lair:4)
  3 demonic plants (D:15)
  78 fungi
  82 plants
  13 withered plants (D:15)
179 creatures vanquished.

Grand Total: 829 creatures vanquished

Notes
Turn   | Place    | Note
-------+----------+-------------------------------------------
     0 | D:1      | mandoloar the Gnoll Fighter began the quest for the Orb.
     0 | D:1      | Reached XP level 1. HP: 23/23 MP: 1/1
   209 | D:1      | Reached XP level 2. HP: 28/29 MP: 2/2
  1218 | D:2      | Reached XP level 3. HP: 35/35 MP: 3/3
  1413 | D:2      | Reached skill level 1 in Invocations
  1414 | D:2      | Reached skill level 1 in Short Blades
  1414 | D:2      | Reached skill level 1 in Long Blades
  1414 | D:2      | Reached skill level 1 in Maces & Flails
  1414 | D:2      | Reached skill level 1 in Polearms
  1414 | D:2      | Reached skill level 1 in Staves
  1414 | D:2      | Reached skill level 1 in Ranged Weapons
  1414 | D:2      | Reached skill level 1 in Throwing
  1414 | D:2      | Reached skill level 1 in Dodging
  1414 | D:2      | Reached skill level 1 in Stealth
  1414 | D:2      | Reached skill level 1 in Unarmed Combat
  1414 | D:2      | Reached skill level 1 in Spellcasting
  1414 | D:2      | Reached skill level 1 in Evocations
  1939 | D:3      | Found Bubb's Weapon Shoppe.
  2021 | D:3      | Reached XP level 4. HP: 36/41 MP: 5/5
  2515 | D:4      | Noticed a black bear
  2528 | D:4      | Killed a black bear
  2529 | D:4      | Reached skill level 1 in Conjurations
  2529 | D:4      | Reached skill level 1 in Hexes
  2529 | D:4      | Reached skill level 1 in Summonings
  2529 | D:4      | Reached skill level 1 in Necromancy
  2529 | D:4      | Reached skill level 1 in Translocations
  2529 | D:4      | Reached skill level 1 in Transmutations
  2529 | D:4      | Reached skill level 1 in Fire Magic
  2529 | D:4      | Reached skill level 1 in Ice Magic
  2529 | D:4      | Reached skill level 1 in Air Magic
  2529 | D:4      | Reached skill level 1 in Earth Magic
  2529 | D:4      | Reached skill level 1 in Poison Magic
  2529 | D:4      | Reached XP level 5. HP: 46/47 MP: 5/7
  2650 | D:4      | Reached XP level 6. HP: 49/53 MP: 8/8
  2684 | D:4      | Reached skill level 5 in Axes
  2767 | D:4      | Noticed Natasha
  2769 | D:4      | Killed Natasha
  2861 | D:4      | Found a glowing silver altar of Zin.
  2862 | D:4      | Found an opulent altar of Gozag.
  2962 | D:4      | Found a blossoming altar of Fedhas.
  2970 | D:4      | Found a sand-covered staircase.
  2975 | D:4      | Reached XP level 7. HP: 56/60 MP: 10/10
  2980 | Ossuary  | Entered an ossuary
  3716 | D:4      | Noticed Natasha
  3718 | D:4      | Killed Natasha
  4044 | D:5      | Entered Level 5 of the Dungeon
  4063 | D:4      | Noticed Natasha
  4070 | D:4      | Killed Natasha
  4250 | D:5      | Reached XP level 8. HP: 60/67 MP: 12/12
  4899 | D:5      | Noticed Sigmund
  4905 | D:5      | Killed Sigmund
  5633 | D:6      | Reached XP level 9. HP: 58/73 MP: 14/14
  5750 | D:6      | Found a staircase to the Ecumenical Temple.
  6167 | Temple   | Entered the Ecumenical Temple
  6187 | Temple   | Became a worshipper of Cheibriados the Contemplative
  7401 | D:7      | Reached skill level 5 in Invocations
  7903 | D:7      | Reached * piety under Cheibriados
  8002 | D:7      | Reached skill level 5 in Short Blades
  8002 | D:7      | Reached skill level 5 in Long Blades
  8002 | D:7      | Reached skill level 5 in Maces & Flails
  8002 | D:7      | Reached skill level 5 in Polearms
  8002 | D:7      | Reached skill level 5 in Staves
  8002 | D:7      | Reached skill level 5 in Ranged Weapons
  8002 | D:7      | Reached skill level 5 in Throwing
  8002 | D:7      | Reached skill level 5 in Dodging
  8002 | D:7      | Reached skill level 5 in Stealth
  8002 | D:7      | Reached skill level 5 in Unarmed Combat
  8002 | D:7      | Reached skill level 5 in Spellcasting
  8002 | D:7      | Reached skill level 5 in Evocations
  8002 | D:7      | Reached XP level 10. HP: 81/81 MP: 17/17
  8734 | D:7      | Found a basalt altar of Yredelemnul.
  8753 | D:7      | Found a glowing golden altar of the Shining One.
  8758 | D:7      | Found a shimmering blue altar of Sif Muna.
  8823 | D:7      | Found a hide-covered altar of Uskayaw.
  9200 | D:8      | Identified the +1 robe "Tetircho" {Will+ rCorr Int-5}
  9339 | D:8      | Noticed Pikel
  9360 | D:8      | Killed Pikel
  9492 | D:8      | Found a shadowy altar of Dithmenos.
  9493 | D:8      | Found a white marble altar of Elyvilon.
  9795 | D:8      | Found a radiant altar of Vehumet.
  9945 | D:8      | Noticed a two-headed ogre
  9959 | D:8      | Killed a two-headed ogre
 10196 | D:8      | Noticed a two-headed ogre
 10201 | D:8      | Noticed a green ugly thing
 10202 | D:8      | Killed a two-headed ogre
 10204 | D:8      | Reached ** piety under Cheibriados
 10215 | D:8      | Killed a green ugly thing
 10216 | D:8      | Reached skill level 5 in Conjurations
 10216 | D:8      | Reached skill level 5 in Hexes
 10216 | D:8      | Reached skill level 5 in Summonings
 10216 | D:8      | Reached skill level 5 in Necromancy
 10216 | D:8      | Reached skill level 5 in Translocations
 10216 | D:8      | Reached skill level 5 in Transmutations
 10216 | D:8      | Reached skill level 5 in Fire Magic
 10216 | D:8      | Reached skill level 5 in Ice Magic
 10216 | D:8      | Reached skill level 5 in Air Magic
 10216 | D:8      | Reached skill level 5 in Earth Magic
 10216 | D:8      | Reached skill level 5 in Poison Magic
 10216 | D:8      | Reached XP level 11. HP: 30/89 MP: 20/20
 10862 | D:9      | Noticed Joseph
 10872 | D:9      | Killed Joseph
 11301 | D:9      | Reached *** piety under Cheibriados
 11786 | D:9      | Noticed Maurice
 11796 | D:9      | Killed Maurice
 11858 | D:9      | Found a staircase to the Orcish Mines.
 12001 | D:10     | Entered Level 10 of the Dungeon
 12112 | D:10     | Found a staircase to the Lair.
 13116 | D:10     | Reached **** piety under Cheibriados
 13342 | D:10     | Reached XP level 12. HP: 97/97 MP: 22/22
 13366 | D:10     | Learned a level 3 spell: Mephitic Cloud
 13911 | Lair:1   | Entered Level 1 of the Lair of Beasts
 15845 | Lair:2   | Found a staircase to the Swamp.
 15849 | Lair:2   | Reached skill level 10 in Fighting
 15849 | Lair:2   | Reached skill level 10 in Armour
 15849 | Lair:2   | Reached skill level 10 in Shields
 15927 | Lair:2   | Noticed a death yak
 15933 | Lair:2   | Noticed a death yak
 15937 | Lair:2   | Noticed a death yak
 15941 | Lair:2   | Killed a death yak
 15941 | Lair:2   | Reached ***** piety under Cheibriados
 15945 | Lair:2   | Killed a death yak
 15953 | Lair:2   | Killed a death yak
 16126 | Lair:2   | Noticed a boulder beetle
 16206 | Lair:2   | Killed a boulder beetle
 16715 | Lair:2   | Found a staircase to the Snake Pit.
 17088 | Lair:2   | Noticed a six-headed hydra
 17100 | Lair:2   | Killed a six-headed hydra
 17103 | Lair:2   | Reached XP level 13. HP: 70/104 MP: 25/25
 20168 | Lair:4   | Reached skill level 10 in Axes
 20499 | Lair:4   | Identified the +7 war axe of Anymac {spect, rC- rN+ rCorr
                  | SInv}
 20714 | Lair:4   | Identified the +3 dagger "Cutiul" {flame, rC+ rN+ Str-2
                  | Dex+4}
 20747 | Lair:4   | Reached ****** piety under Cheibriados
 21142 | Lair:4   | Found a glowing silver altar of Zin.
 21572 | Lair:5   | Entered Level 5 of the Lair of Beasts
 21641 | Lair:4   | Reached skill level 10 in Invocations
 21641 | Lair:4   | Reached XP level 14. HP: 69/113 MP: 27/27
 21878 | Lair:5   | Found a staircase to the Slime Pits.
 21878 | Lair:5   | Found a viscous altar of Jiyva.
 22386 | Lair:5   | Learned a level 5 spell: Freezing Cloud
 23842 | Lair:5   | Identified the ring of Sokin {Fire Will++ Str+3}
 24274 | D:11     | Noticed Fannar
 24282 | D:11     | Reached skill level 10 in Short Blades
 24282 | D:11     | Reached skill level 10 in Long Blades
 24282 | D:11     | Reached skill level 10 in Maces & Flails
 24282 | D:11     | Reached skill level 10 in Polearms
 24282 | D:11     | Reached skill level 10 in Staves
 24282 | D:11     | Reached skill level 10 in Ranged Weapons
 24282 | D:11     | Reached skill level 10 in Throwing
 24282 | D:11     | Reached skill level 10 in Dodging
 24282 | D:11     | Reached skill level 10 in Stealth
 24282 | D:11     | Reached skill level 10 in Unarmed Combat
 24282 | D:11     | Reached skill level 10 in Spellcasting
 24282 | D:11     | Reached skill level 10 in Evocations
 24282 | D:11     | Killed Fannar
 24529 | D:11     | Found a white marble altar of Elyvilon.
 24789 | D:11     | Reached XP level 15. HP: 84/120 MP: 20/29
 24995 | D:12     | You fall into a shaft and drop 3 floors!
 24995 | D:15     | Entered Level 15 of the Dungeon
 25053 | D:14     | Found a frozen archway.
 25067 | IceCv    | Entered an ice cave
 26300 | IceCv    | Noticed a frost giant
 26308 | IceCv    | Killed a frost giant
 26489 | IceCv    | Noticed a frost giant
 26498 | IceCv    | Killed a frost giant
 28444 | D:13     | Found a gate to the Vaults.
 28894 | D:13     | Reached XP level 16. HP: 91/129 MP: 15/30
 29683 | D:14     | Found Ohibrua's Book Boutique.
 29748 | D:14     | Found a shadowy altar of Dithmenos.
 30024 | D:14     | Found Atabbaes's Assorted Antiques.
 30079 | D:14     | Learned a level 5 spell: Borgnjor's Vile Clutch
 30249 | D:14     | Found a transporter.
 30249 | D:14     | Found Wauf's Assorted Antiques.
 30881 | D:14     | Found a transporter.
 31037 | D:14     | Bought a potion of heal wounds for 115 gold pieces
 31039 | D:14     | Bought 2 potions of might for 184 gold pieces
 31393 | D:15     | Noticed Kirke
 31406 | D:15     | Killed Kirke
 31469 | D:15     | Reached skill level 10 in Ice Magic
 31505 | D:15     | Found a transporter.
 31508 | D:15     | Found a transporter.
 31508 | D:15     | Noticed Jeffwins's ghost (adept HuWn)
 31569 | D:15     | Found a staircase to the Depths.
 32377 | D:15     | Killed Jeffwins's ghost
 32377 | D:15     | HP: 3/130 [stone giant zombie (14)]
 32378 | D:15     | HP: 1/130 [death knight simulacrum (10)]
 32380 | D:15     | Slain by a death knight simulacrum

Illustrated notes

Levels and vault maps discovered:
D:1:      dpeg_arrival_tiny_k, layout_loops_cross
D:2:      layout_rooms
D:3:      layout_basic, serial_shops, nicolae_shop_bloodbath_and_beyond
D:4:      layout_loops_cross, grunt_temple_overflow_gold_and_silver,
          lemuel_doored_altar, enter_ossuary_3, uniq_natasha
D:5:      layout_basic, sigmund_army
D:6:      layout_basic, minmay_temple_entry_drinking_statues
D:7:      layout_cave_pools, minmay_overflow_temple_star_quad,
          nicolae_uskayaw_dance_studio, hellmonk_bongcloud_opening,
          minmay_misc_feat_nine_boxes, minmay_starry_boxes
D:8:      minmay_the_grid_triangle_9x9_recursive_2
          [minmay_the_grid_triangle_9x9_prize_top_heavy,
          minmay_the_grid_triangle_9x9_negative_grid,
          minmay_the_grid_triangle_9x9_longest,
          minmay_the_grid_triangle_9x9_corrupted_corridor], layout_loops_ring,
          vehumet_altar_wand_db, chequers_temple_overflow_statue_of_worship,
          uniq_pikel
D:9:      layout_loops_cross, minmay_orc_entry_guard_dogs, uniq_joseph,
          uniq_maurice
D:10:     layout_irregular_city, due_lair_maze_entry_diamond
D:11:     layout_rooms, elyvilon_altar_5, uniq_fannar
D:12:     layout_basic
D:13:     layout_cave_pods, grunt_vaults_entry_tiered, dk_noncrumbling_4
D:14:     layout_roguey, serial_shops, shop, nicolae_shop_drivethru,
          nicolae_shop_peninsula, nicolae_dithmenos_shadow_blocks,
          portal_ice_cave_entry_pillars_four
D:15:     gammafunk_depths_entry_grave, layout_loops_cross,
          gammafunk_ghost_mausoleum, serial_demonic, serial_demonic_b,
          serial_demonic_b, serial_demonic_c, serial_demonic_f,
          gauntlet_entry_generic, grunt_ministairs_13, uniq_kirke
Temple:   hc_temple_tempest_star
Lair:1:   layout_roguey, serial_bayou_pond_c
Lair:2:   layout_roguey, minmay_swamp_entry_swarm,
          nicolae_snake_entry_warm_welcome, nzn_random_ring,
          serial_bayou_shore_a
Lair:3:   layout_regular_city
Lair:4:   layout_loops_ring, basic_altar, grunt_megastairs_2
Lair:5:   grunt_lair_end_beastmaster, layout_cave_shapes, slime_entry_1,
          ice2_lemuel, lemuel_fruit_tree

Skill      XL: |  1  2  3  4  5  6  7  8  9 10 11 12 13 14 15 16 |
---------------+-------------------------------------------------+-----
Invocations    | 1 2 3 4 5 6 7 8 10 11 12 | 12.4
Short Blades   | 1 2 3 5 6 7 8 9 10 11 | 11.5
Long Blades    | 1 2 3 5 6 7 8 9 10 11 | 11.5
Maces & Flails | 1 2 3 5 6 7 8 9 10 11 | 11.5
Polearms       | 1 2 3 5 6 7 8 9 10 11 | 11.5
Staves         | 1 2 3 5 6 7 8 9 10 11 | 11.5
Ranged Weapons | 1 2 3 5 6 7 8 9 10 11 | 11.5
Throwing       | 1 2 3 5 6 7 8 9 10 11 | 11.5
Dodging        | 1 2 3 5 6 7 8 9 10 11 | 11.5
Stealth        | 1 2 3 5 6 7 8 9 10 11 | 11.5
Unarmed Combat | 1 2 3 5 6 7 8 9 10 11 | 11.5
Spellcasting   | 1 2 3 5 6 7 8 9 10 11 | 11.5
Evocations     | 1 2 3 5 6 7 8 9 10 11 | 11.5
Conjurations   | 1 2 3 4 5 6 7 8 9 |  9.7
Hexes          | 1 2 3 4 5 6 7 8 9 |  9.7
Summonings     | 1 2 3 4 5 6 7 8 9 |  9.7
Necromancy     | 1 2 3 4 5 6 7 8 9 |  9.7
Translocations | 1 2 3 4 5 6 7 8 9 |  9.7
Transmutations | 1 2 3 4 5 6 7 8 9 |  9.7
Fire Magic     | 1 2 3 4 5 6 7 8 9 |  9.7
Ice Magic      | 1 2 3 4 5 6 7 8 9 10 | 10.3
Air Magic      | 1 2 3 4 5 6 7 8 9 |  9.7
Earth Magic    | 1 2 3 4 5 6 7 8 9 |  9.7
Poison Magic   | 1 2 3 4 5 6 7 8 9 |  9.7
Axes           | 5 6 7 8 9 10 11 12 | 12.3
Fighting       | 7 8 9 10 11 12 13 | 13.1
Armour         | 7 8 9 10 11 12 13 | 13.1
Shields        | 7 8 9 10 11 12 13 | 13.1

Action                     |  1- 3 |  4- 6 |  7- 9 | 10-12 | 13-15 | 16-18 || total
---------------------------+-------+-------+-------+-------+-------+-------++-------
  Melee: War axe           |    45 |       |       |       |       |       ||    45
         Bite              |     7 |     3 |    28 |    52 |    80 |    14 ||   184
         Broad axe         |    23 |    69 |   285 |   369 |   478 |   124 ||  1348
         Eveningstar       |       |       |       |     4 |    10 |       ||    14
  Throw: Stone             |     2 |     5 |     1 |       |       |       ||     8
         Dart              |       |       |    40 |   133 |    83 |       ||   256
         Javelin           |       |       |       |       |       |    27 ||    27
         Boomerang         |       |       |       |       |       |     3 ||     3
   Cast: Mephitic Cloud    |       |       |       |     1 |    13 |       ||    14
         Freezing Cloud    |       |       |       |       |    42 |     7 ||    49
         Borgnjor's Vile C |       |       |       |       |       |     4 ||     4
 Invoke: Slouch            |       |       |       |       |    14 |     6 ||    20
  Evoke: Wand              |       |       |       |       |       |    12 ||    12
    Use: Scroll            |     4 |     5 |    13 |     6 |     5 |     1 ||    34
         Potion            |       |       |     3 |     2 |     4 |     7 ||    16
   Stab: Sleeping          |       |       |       |     2 |     1 |     1 ||     4
         Confused          |       |       |       |       |     6 |       ||     6
         Distracted        |       |       |       |       |     2 |     1 ||     3
 Armour: Scale mail        |    31 |    40 |   143 |    73 |   221 |    37 ||   545
         Ring mail         |       |       |       |    17 |       |       ||    17
         Plate armour      |       |       |       |    26 |       |       ||    26
  Dodge: Dodged            |    26 |    26 |   161 |   297 |   500 |   121 ||  1131
  Block: Buckler           |    20 |    29 |    92 |   135 |   228 |    71 ||   575

Table legend: (Time is in decaauts)
 A = Elapsed time spent in this place.
 B = Non-inter-level travel time spent in this place.
 C = Inter-level travel time spent in this place.
 D = Time resting spent in this place.
 E = Time spent auto-exploring this place.
 F = Levels seen in this place.
 G = Mean time per level.
                   A        B        C        D        E       F      G
               +--------+--------+--------+--------+--------+-----+--------+
         Total |  41795 |  38766 |   3029 |  13269 |  19341 |  23 | 1817.2 |
       Dungeon |  24774 |  22755 |   2019 |   7872 |  11130 |  15 | 1651.6 |
        Temple |    453 |    419 |     34 |      0 |    395 |   1 |  453.0 |
          Lair |  13837 |  12862 |    975 |   4542 |   6686 |   5 | 2767.4 |
       Ossuary |    578 |    578 |      0 |      0 |    408 |   1 |  578.0 |
      Ice Cave |   2152 |   2152 |      0 |    854 |    721 |   1 | 2152.0 |
               +--------+--------+--------+--------+--------+-----+--------+

Top non-repeatable levels by time:
  Lair:2: 4118 daAuts
  Lair:4: 3216 daAuts
    D:10: 2529 daAuts
     D:6: 2448 daAuts
  Lair:5: 2410 daAuts
    D:13: 2265 daAuts
  Lair:1: 2229 daAuts
     D:8: 2162 daAuts
   IceCv: 2152 daAuts
    D:14: 2129 daAuts
     D:9: 2050 daAuts
    D:15: 1980 daAuts
  Lair:3: 1862 daAuts
    D:12: 1798 daAuts
     D:7: 1729 daAuts
